 Dungeon Crawl Stone Soup version 0.27-a0-1217-g8a41f320e8 (webtiles) character file.

Game seed: 12893691724956587157

12959 jasper the Cleaver (level 11, -8/90 HPs)
             Began as a Demonspawn Necromancer on June 5, 2021.
             Was an Elder of Ashenzari.
             Blown up by Maggie (26 damage)
             ... with a mindburst bolt
             ... on level 1 of the Lair of Beasts.
             The game lasted 00:31:56 (18778 turns).

jasper the Cleaver (Demonspawn Necromancer)        Turns: 18778, Time: 00:31:56

Health: -8/90      AC: 13    Str: 12    XL:     11   Next: 69%
Magic:  0/17       EV: 15    Int: 23    God:    Ashenzari [****..]
Gold:   586        SH:  5    Dex: 13    Spells: 0/18 levels left

rFire    . . .     SeeInvis +   B - +0 war axe
rCold    . . .     Faith    .   C - +0 buckler of the Ruined Sun {Alch, Elem} (curse)
rNeg     . . .     Spirit   +   i - +0 ring mail of the Ruined Adversity {Cun, Fort} (curse)
rPois    .         Reflect  .   (helmet restricted)
rElec    .         Harm     .   n - +0 cloak "Monotheism of Ashenzari" {Alch, Comp} (curse)
rCorr    .         Rampage  .   v - +0 pair of gloves of the Unyielding Gaze {Range, Self} (curse)
Will     .....     Clarity  +   x - +0 pair of boots of the Sublime Augur {Cun, Bglg} (curse)
Stlth    ++........             y - amulet of the Distant Augur {Spirit, Elem, Cun} (curse)
HPRegen  1.25/turn              u - ring "Tethered Together" {Int+6, Melee, Range} (curse)
MPRegen  0.15/turn              (no ring)

@: studying Polearms
A: horns 1, slimy green scales 2, demonic guardian 2, powered by death 1
a: Renounce Religion, Curse Item, Shatter the Chains


You were on level 1 of the Lair of Beasts.
You worshipped Ashenzari.
Ashenzari was greatly pleased with you.
You visited 3 branches of the dungeon, and saw 13 of its levels.

You collected 638 gold pieces.
You spent 52 gold pieces at shops.

Inventory:

Hand Weapons
 d - a +1 hunting sling
 o - a +0 hand axe
 B - a +0 war axe (weapon)
Missiles
 b - 184 stones
 k - 2 atropa-tipped darts
 r - 19 boomerangs
 t - 3 curare-tipped darts
Armour
 a - a +0 robe
 i - the cursed +0 ring mail of the Ruined Adversity (worn) {Cun, Fort}
   (You found it on level 1 of the Dungeon)

   It has a curse which improves the following skills: Cunning: Dodging and
   Stealth.
   Fortitude: Armour and Shields.
 m - a +0 scale mail
 n - the cursed +0 cloak "Monotheism of Ashenzari" (worn) {Alch, Comp}
   (You found it on level 1 of the Dungeon)

   It has a curse which improves the following skills: Alchemy: Poison Magic and
   Transmutations.
   Companions: Summonings and Necromancy.
 v - the cursed +0 pair of gloves of the Unyielding Gaze (worn) {Range, Self}
   (You found it on level 6 of the Dungeon)

   It has a curse which improves the following skills: Ranged Combat: Slings,
   Bows, Crossbows and Throwing.
   Introspection: Fighting and Spellcasting.
 x - the cursed +0 pair of boots of the Sublime Augur (worn) {Cun, Bglg}
   (You found it on level 6 of the Dungeon)

   It has a curse which improves the following skills: Cunning: Dodging and
   Stealth.
   Beguiling: Conjurations, Hexes and Translocations.
 C - the cursed +0 buckler of the Ruined Sun (worn) {Alch, Elem}
   (You took it off an orc on level 8 of the Dungeon)

   It has a curse which improves the following skills: Alchemy: Poison Magic and
   Transmutations.
   Elements:  Fire Magic, Ice Magic, Air Magic and Earth Magic.
Jewellery
 s - a ring of fire
 u - the cursed ring "Tethered Together" (left hand) {Int+6, Melee, Range}
   (You found it on level 6 of the Dungeon)

   [ring of intelligence]

   It affects your intelligence (+6).
   It has a curse which improves the following skills: Melee Combat: Short
   Blades, Long Blades, Axes, Maces & Flails, Polearms, Staves and Unarmed
   Combat.
   Ranged Combat: Slings, Bows, Crossbows and Throwing.
 y - the cursed amulet of the Distant Augur (around neck) {Spirit, Elem, Cun}
   (You found it on level 6 of the Dungeon)

   [amulet of guardian spirit]

   It causes incoming damage to be divided between your reserves of health and
   magic.
   It has a curse which improves the following skills: Elements: Fire Magic, Ice
   Magic, Air Magic and Earth Magic.
   Cunning:   Dodging and Stealth.
 D - a ring of protection from fire
 I - a +6 ring of strength
Wands
 A - a wand of flame (15)
Scrolls
 c - a scroll of summoning
 f - a scroll of immolation
 j - 10 scrolls of identify
 l - 2 scrolls of magic mapping
 q - 2 scrolls of fog
 w - 2 scrolls of silence
 z - 2 scrolls of enchant weapon
 F - a scroll of enchant armour
Potions
 e - 5 potions of mutation
 g - 2 potions of attraction
 h - a potion of cancellation
 p - a potion of brilliance
 E - a potion of haste
 G - a potion of curing
 H - a potion of experience


   Skills:
 - Level 7.8(10.1) Fighting
 * Level 11.1(13.1) Axes
 - Level 1.4(3.7) Slings
 - Level 4.6(6.8) Armour
 - Level 7.4(11.9) Dodging
 - Level 1.7(4.8) Stealth
 - Level 2.7(4.6) Shields
 - Level 2.4(4.3) Spellcasting
 - Level 3.9(6.0) Hexes
 - Level 5.4(7.7) Necromancy
 - Level 3.1(6.1) Ice Magic


You couldn't memorise any spells.
You knew the following spells:

 Your Spells              Type           Power      Damage    Failure   Level
a - Pain                  Necr           100%       1d9       1%          1
b - Animate Skeleton      Necr           80%        N/A       1%          1
c - Vampiric Draining     Necr           20%        2d8       2%          3
d - Confusing Touch       Hex            32%        N/A       4%          3
e - Animate Dead          Necr           20%        N/A       9%          4
f - Ozocubu's Armour      Ice            33%        N/A       4%          3
g - Tukima's Dance        Hex            32%        N/A       4%          3

Your spell library contained the following spells:

 Spells                   Type           Power      Damage    Failure   Level
 Corona                   Hex            35%        N/A       1%          1
 Freeze                   Ice            100%       1d11      1%          1
 Ensorcelled Hibernation  Hex/Ice        66%        N/A       2%          2
 Frozen Ramparts          Ice            66%        1d8       4%          3
 Dazzling Flash           Conj/Hex       38%        N/A       16%         3
 Cause Fear               Hex            16%        N/A       17%         4
 Agony                    Necr           40%        N/A       22%         5
 Metabolic Englaciation   Hex/Ice        16%        N/A       41%         5
 Hailstorm                Conj/Ice       19%        3d6       47%         4
 Silence                  Hex/Air        10%        N/A       82%         5
 Yara's Violent Unravell  Hex/Tmut       10%        3d6       82%         5
 Discord                  Hex            16%        N/A       100%        8


Dungeon Overview and Level Annotations

Branches:
Dungeon (11/15)            Temple (1/1) D:6            Lair (1/6) D:8
    Orc (0/2) D:9

Altars:
Ashenzari
Cheibriados
Dithmenos
Elyvilon
Fedhas
Gozag
Hepliaklqana
Kikubaaqudgha
Makhleb
Nemelex Xobeh
Okawaru
Qazlal
Ru
Sif Muna
Trog
Uskayaw
Vehumet
Wu Jian
Xom
Yredelemnul
Zin
The Shining One
Beogh

Shops:
D:4 !   D:6 *

Annotations:
Lair:1 Maggie


Innate Abilities, Weirdness & Mutations

You have a pair of small horns on your head.
You are mostly covered in slimy green scales. (AC +3)
A demonic guardian rushes to your aid.
You regenerate a little health from kills.


Message History

Maggie attempts to bespell you!
You are unaffected.
The bullfrog completely misses you. You block the black bear's attack.
The black bear claws you but does no damage. x2
You hit Maggie but do no damage.
Maggie is lightly wounded.
You hit the black bear. You slash the bullfrog!
You kill the bullfrog!
Maggie closely misses you. You block the black bear's attack.
The black bear misses you.
The black bear claws you but does no damage.
You closely miss Maggie. You headbutt Maggie.
Maggie is moderately wounded.
You slash the black bear!
You kill the black bear!
Maggie zaps a wand.
Your mind is blasted!
You take 13 damage, and have 43/90 hp.
You now have 5/17 mp.
You completely miss Maggie.
Maggie is moderately wounded.
Ashenzari invites you to partake of a vision and a curse of beguiling and melee combat.
You regained 2 hp, and now have 45/90 hp.
Casting: Ozocubu's Armour (mildly dangerous; 4% risk of failure)
Confirm with . or Enter, or press ? or * to list all spells.
You call on the dead to rise...
The dead are walking and hopping!
Maggie zaps a wand.
Your mind is blasted!
* * * LOW HITPOINT WARNING * * *
A demonic guardian appears!
You take 30 damage, and have 15/90 hp.
MASSIVE DAMAGE!!
You now have 1/17 mp.
Casting: Animate Dead (dangerous; 9% risk of failure)
Confirm with . or Enter, or press ? or * to list all spells.
Okay, then.
Your icy armour will break if you move.
Continue? [Y]es or [N]o only, please.
Your icy armour will break if you move.
Continue?
Okay, then.
Your icy armour will break if you move.
Continue?
Your icy armour cracks and falls away as you move.
Your bullfrog zombie hits Maggie.
Your orange demon barely misses Maggie.
You regained 2 hp, and now have 17/90 hp.
You swap places.
Maggie zaps a wand.
Your mind is blasted!
You die...

*,, ,,,..#...⌠. ,⌠... ,,
,, ,,, *
,,,*.........,...##. * ,
, ,,,* ......... ......*
*** , * , ,..#
#....#.##.....# , , ,
.....*#..........# #* *
, *,,...#..#
*#...ZZ.#.#.# * *
*,,......)####.#@.#....#
....≈≈≈.###...4.....#* *
*,
..≈≈≈≈≈≈.##..@........ ,
.≈≈≈≈≈≈≈≈.....#.###..#
,,, .≈≈≈≈≈≈≈......#...
,.. ,, *
.≈≈≈§≈........#..... ,,,
, >
.≈≈≈≈≈.<............. ,
, ,
.≈≈≈≈≈≈...###.#..)...
,,, , ,.≈≈≈≈≈≈≈.##
#[#......* , *#.≈≈≈≈..##
#.#,.. ,,* , ....≈≈..# ,
, , , *


You could see Maggie (ally target), a friendly orange demon (summoned), a
friendly bullfrog zombie and a friendly black bear zombie.

Vanquished Creatures
  A two-headed ogre (D:10)
  An unseen horror (D:8)
  A komodo dragon (D:10)
  A troll (D:8)
  Grinder (D:6)
  A vampire (D:10)
  Sigmund (D:5)
  A shadow (D:9)
  16 yaks
  4 wyverns (D:8)
  3 steam dragons
  A basilisk (D:8)
  A vampire mosquito (D:10)
  Edmund (D:5)
  Duvessa (D:6)
  3 water moccasins
  An ice beast (D:6)
  3 orc warriors
  2 necrophages
  2 sky beasts
  2 black bears
  3 ogres (D:8)
  4 centaurs
  2 phantoms
  A kobold brigand (D:9)
  4 lemures (D:6)
  A scorpion (D:4)
  Dowan (D:6)
  3 bullfrogs
  2 gnoll sergeants (D:8)
  A water moccasin skeleton (D:5)
  4 killer bees (D:8)
  An electric eel (Lair:1)
  11 howler monkeys
  A centaur zombie (D:9)
  7 hounds
  7 orc priests
  2 gnoll shamans
  3 iguanas
  14 orc wizards
  A hound skeleton (D:4)
  A howler monkey zombie (D:9)
  13 gnolls
  A river rat (D:6)
  9 adders
  A shadow imp (D:5)
  2 white imps
  3 dart slugs
  60 orcs
  9 endoplasms
  7 giant cockroaches
  6 goblins
  8 hobgoblins
  4 jackals (D:3)
  2 quokkas
  3 ball pythons
  3 bats
  4 frilled lizards
  6 kobolds
  3 rats
266 creatures vanquished.

Vanquished Creatures (collateral kills)
  A centaur warrior (D:8)
  Pikel (D:6)
  6 yaks
  Eustachio (D:5)
  3 vampire mosquitoes
  2 water moccasins
  4 orc warriors
  9 ogres
  A centaur (D:6)
  A kobold brigand (D:8)
  2 howler monkeys
  An orc priest (D:8)
  2 hounds
  An iguana (D:6)
  5 orc wizards
  A howler monkey zombie (D:8)
  3 gnolls (D:6)
  9 orcs
  A ball python (D:6)
  A giant cockroach (D:4)
  A rat (D:6)
56 creatures vanquished.

Vanquished Creatures (others)
  2 dancing weapons
  2 orc wizards
  3 fungi (D:8)
  25 plants (D:8)
32 creatures vanquished.

Grand Total: 354 creatures vanquished

Notes
Turn   | Place    | Note
-------+----------+-------------------------------------------
     0 | D:1      | jasper the Demonspawn Necromancer began the quest for the
                  | Orb.
     0 | D:1      | Reached XP level 1. HP: 13/13 MP: 3/3
   503 | D:1      | Gained mutation: A weak demonic guardian rushes to your
                  | aid. [demonic ancestry]
   503 | D:1      | Reached XP level 2. HP: 20/20 MP: 5/5
   629 | D:1      | Learned a level 1 spell: Animate Skeleton
  1028 | D:2      | Reached skill level 1 in Slings
  1489 | D:2      | Reached skill level 1 in Fighting
  1489 | D:2      | Gained mutation: You are partially covered in slimy green
                  | scales. (AC +2) [demonic ancestry]
  1489 | D:2      | Reached XP level 3. HP: 23/26 MP: 3/6
  1621 | D:2      | Found a faded altar of an unknown god.
  1691 | D:2      | Learned a level 3 spell: Vampiric Draining
  1954 | D:3      | Reached skill level 1 in Armour
  2077 | D:3      | Noticed a phantom
  2103 | D:4      | Found a hazy altar of Hepliaklqana.
  2135 | D:4      | Found an opulent altar of Gozag.
  2135 | D:4      | Found a broken altar of Ashenzari.
  2248 | D:4      | Became a worshipper of Ashenzari the Shackled
  2261 | D:4      | Gained mutation: You are mostly covered in slimy green
                  | scales. (AC +3) [demonic ancestry]
  2261 | D:4      | Reached XP level 4. HP: 32/32 MP: 7/7
  2434 | D:4      | Noticed a scorpion
  2441 | D:4      | Killed a scorpion
  2442 | D:4      | Reached skill level 1 in Axes
  2442 | D:4      | Gained mutation: You regenerate a little health from kills.
                  | [demonic ancestry]
  2442 | D:4      | Reached XP level 5. HP: 25/38 MP: 1/8
  2561 | D:4      | Reached skill level 5 in Necromancy
  2756 | D:4      | Found Vitocit's Distillery.
  2764 | D:4      | Bought a potion of curing for 39 gold pieces
  2991 | D:4      | Learned a level 3 spell: Confusing Touch
  3084 | D:5      | Entered Level 5 of the Dungeon
  3097 | D:5      | Reached skill level 2 in Axes
  3167 | D:5      | Noticed an ogre
  3448 | D:5      | Noticed a black bear
  3457 | D:5      | Killed a black bear
  3458 | D:5      | Reached XP level 6. HP: 33/45 MP: 5/9
  3639 | D:6      | Noticed Pikel
  3683 | D:6      | Found a staircase to the Ecumenical Temple.
  3696 | Temple   | Entered the Ecumenical Temple
  4218 | D:6      | Reached skill level 3 in Axes
  4218 | D:6      | Gained mutation: A demonic guardian rushes to your aid.
                  | [demonic ancestry]
  4218 | D:6      | Reached XP level 7. HP: 20/51 MP: 10/10
  4460 | D:6      | Noticed Duvessa
  4460 | D:6      | Noticed Dowan
  5607 | D:5      | Reached * piety under Ashenzari
  5659 | D:5      | Reached skill level 4 in Axes
  5985 | D:5      | Noticed Eustachio
  6277 | D:5      | Reached XP level 8. HP: 4/61 MP: 3/12
  6409 | D:5      | Killed Eustachio
  6662 | D:5      | Noticed Sigmund
  6668 | D:5      | Noticed Edmund
  6910 | D:6      | Found a bloodstained altar of Trog.
  7201 | D:7      | Reached skill level 5 in Axes
  7615 | D:7      | Reached ** piety under Ashenzari
  7837 | D:7      | Found a sparkling altar of Nemelex Xobeh.
  8618 | D:7      | Learned a level 4 spell: Animate Dead
  8659 | D:8      | Reached skill level 6 in Axes
  8696 | D:8      | Reached XP level 9. HP: 46/69 MP: 2/13
  8843 | D:8      | Reached skill level 5 in Fighting
  8843 | D:8      | Reached skill level 5 in Dodging
  9296 | D:8      | Reached skill level 7 in Axes
  9470 | D:8      | Reached skill level 1 in Shields
  9869 | D:8      | Noticed a centaur warrior
 10058 | D:8      | Reached skill level 8 in Axes
 10058 | D:8      | Reached XP level 10. HP: 60/80 MP: 12/14
 10167 | D:8      | Killed a centaur warrior
 11015 | D:9      | Reached *** piety under Ashenzari
 11267 | D:9      | Identified the cursed +0 cloak "Monotheism of Ashenzari"
                  | {Alch, Comp} (You found it on level 1 of the Dungeon)
 11267 | D:9      | Identified the cursed +0 helmet of Supernal Understanding
                  | {Cun, Evo} (You found it on level 7 of the Dungeon)
 11267 | D:9      | Identified the cursed +0 pair of gloves of the Unyielding
                  | Gaze {Range, Self} (You found it on level 6 of the Dungeon)
 11267 | D:9      | Identified the cursed +0 pair of boots of the Sublime Augur
                  | {Cun, Bglg} (You found it on level 6 of the Dungeon)
 11267 | D:9      | Identified the cursed +0 ring mail of the Ruined Adversity
                  | {Cun, Fort} (You found it on level 1 of the Dungeon)
 11562 | D:9      | Learned a level 3 spell: Ozocubu's Armour
 11628 | D:9      | Found a staircase to the Orcish Mines.
 11708 | D:9      | Reached skill level 9 in Axes
 11708 | D:9      | Reached skill level 1 in Hexes
 11708 | D:9      | Reached skill level 1 in Ice Magic
 12068 | D:9      | Reached **** piety under Ashenzari
 12068 | D:9      | Found a shimmering altar of Xom.
 12084 | D:9      | Found a basalt altar of Yredelemnul.
 12475 | D:10     | Entered Level 10 of the Dungeon
 13064 | D:10     | Gained mutation: You have a pair of small horns on your
                  | head. [demonic ancestry]
 13064 | D:10     | Reached XP level 11. HP: 82/89 MP: 14/16
 13171 | D:10     | Noticed a two-headed ogre
 13199 | D:10     | Killed a two-headed ogre
 14112 | D:11     | Noticed a white ugly thing
 14751 | D:10     | Learned a level 3 spell: Tukima's Dance
 14990 | D:8      | HP: 2/89 [orc warrior/+1 vampiric long sword (6)]
 15383 | D:8      | Reached skill level 10 in Axes
 16816 | D:8      | Found a staircase to the Lair.
 16827 | D:8      | Found an iron altar of Okawaru.
 17279 | D:6      | Noticed Grinder
 17290 | D:6      | Killed Grinder
 17383 | D:6      | Found a shadowy altar of Dithmenos.
 17448 | D:6      | Killed Duvessa
 17457 | D:6      | Killed Pikel
 17464 | D:6      | Killed Dowan
 17565 | D:6      | Found Veodafro's Serpentskin Sales.
 17569 | D:6      | Bought 2 curare-tipped darts for 13 gold pieces
 17957 | D:5      | Killed Sigmund
 17985 | D:5      | Killed Edmund
 18116 | D:3      | Reached skill level 11 in Axes
 18468 | D:3      | Found a sacrificial altar of Ru.
 18494 | D:3      | Found a hide-covered altar of Uskayaw.
 18749 | Lair:1   | Entered Level 1 of the Lair of Beasts
 18755 | Lair:1   | Noticed Maggie
 18778 | Lair:1   | Blown up by Maggie

Illustrated notes

Levels and vault maps discovered:
D:1:      eino_arrival_druids_welcome, layout_basic, kennysheep_boxes
D:2:      layout_rooms, shapermc_ecumenical_altar_gd
D:3:      layout_loops_ring, old_standard_altar, marbit_many_paths,
          lemuel_tele_altar
D:4:      layout_loops_ring, grunt_temple_overflow_open, serial_shops, shop,
          minmay_misc_feat_cross
D:5:      layout_cave_pools, sigmund_edmund_badplayer, uniq_eustachio
D:6:      layout_cave_pods, kennysheep_mini, amcnicky_altar_gilded,
          minmay_temple_entry_slanted, portal_sewer_entry_e, serial_rivers,
          chequers_serial_rivers_room_a, chequers_serial_rivers_room_b,
          chequers_serial_rivers_small_3, chequers_serial_rivers_micro_e,
          chequers_serial_rivers_small_b, guppyfry_shop_venom, uniq_grinder,
          uniq_duvessa, uniq_pikel
D:7:      layout_basic, lemuel_doored_altar
D:8:      lemuel_castle_with_subvaults [lemuel_castle_interior_original],
          layout_cave_pools, zin_treasury, overflow_temple_1_default,
          minmay_lair_entry_grove, special_room [special_room_orc],
          nicolae_benzene_ring, minmay_manual_mandibuliform
D:9:      layout_irregular_city, minitemple, orc_david_3
D:10:     layout_loops_ring
D:11:     layout_cave_pools, minmay_the_grid_2x2 [minmay_the_grid_x,
          minmay_the_grid_embedded, minmay_the_grid_plusring,
          minmay_the_grid_prize_four_corners]
Temple:   jpeg_temple_island
Lair:1:   layout_chaotic_city, grunt_forest_large_clearings, grunt_megastairs_2,
          infiniplex_staircase_pool, uniq_maggie

Skill      XL: |  1  2  3  4  5  6  7  8  9 10 11 |
---------------+----------------------------------+-----
Slings         | 1 |  1.4
Dodging        | 2 3 4 6 7 |  7.4
Fighting       | 1 2 3 4 6 7 |  7.8
Armour         | 1 2 3 4 |  4.6
Axes           | 1 2 3 4 6 8 9 11 | 11.1
Necromancy     | 5 |  5.4
Shields        | 2 |  2.7
Hexes          | 2 3 |  3.9
Ice Magic      | 2 3 |  3.1
Stealth        | |  1.7
Spellcasting   | |  2.4

Action                   |  1- 3 |  4- 6 |  7- 9 | 10-12 || total
-------------------------+-------+-------+-------+-------++-------
Melee: Hand axe          |       |    46 |   412 |   221 ||   679
       War axe           |       |       |       |   610 ||   610
       Headbutt          |       |       |       |    74 ||    74
 Fire: Hunting sling     |   134 |    77 |    37 |       ||   248
Throw: Boomerang         |       |       |     2 |       ||     2
 Cast: Pain              |    14 |     9 |    10 |     1 ||    34
       Vampiric Draining |       |     1 |    30 |    26 ||    57
       Animate Skeleton  |       |       |     7 |     1 ||     8
       Animate Dead      |       |       |     1 |     4 ||     5
       Confusing Touch   |       |       |       |     3 ||     3
       Tukima's Dance    |       |       |       |    11 ||    11
       Ozocubu's Armour  |       |       |       |     2 ||     2
Invok: Curse Item        |       |     1 |     3 |     4 ||     8
Evoke: Wand              |       |       |     9 |     7 ||    16
  Use: Scroll            |     4 |     1 |     3 |     1 ||     9
       Potion            |       |     5 |     3 |     5 ||    13
 Stab: Invisible         |       |     4 |       |       ||     4
       Distracted        |       |       |     1 |       ||     1
       Confused          |       |       |       |     3 ||     3
       Sleeping          |       |       |       |     1 ||     1
Armor: Robe              |     1 |       |       |       ||     1
       Ring mail         |    17 |    74 |   272 |   258 ||   621
       Skin              |       |       |       |     6 ||     6
Dodge: Dodged            |    21 |    91 |   365 |   549 ||  1026
Block: Buckler           |       |       |    45 |   190 ||   235

Table legend: (Time is in decaauts)
 A = Elapsed time spent in this place.
 B = Non-inter-level travel time spent in this place.
 C = Inter-level travel time spent in this place.
 D = Time resting spent in this place.
 E = Time spent auto-exploring this place.
 F = Levels seen in this place.
 G = Mean time per level.
                   A        B        C        D        E       F      G
               +--------+--------+--------+--------+--------+-----+--------+
         Total |  18850 |  18197 |    653 |   4042 |  10555 |  13 | 1450.0 |
       Dungeon |  18292 |  17657 |    635 |   4042 |  10041 |  11 | 1662.9 |
        Temple |    532 |    515 |     17 |      0 |    512 |   1 |  532.0 |
          Lair |     26 |     26 |      0 |      0 |      2 |   1 |   26.0 |
               +--------+--------+--------+--------+--------+-----+--------+

Top non-repeatable levels by time:
     D:8: 3397 daAuts
     D:9: 2562 daAuts
     D:7: 2453 daAuts
     D:5: 2350 daAuts
    D:10: 1730 daAuts
     D:6: 1682 daAuts
     D:4: 1436 daAuts
     D:1: 1054 daAuts
     D:3: 901 daAuts
     D:2: 715 daAuts
  Temple: 532 daAuts
  Lair:1: 26 daAuts
    D:11: 7 daAuts
